 Dungeon Crawl Stone Soup version 0.31-a0-237-g2d982f9f85 (webtiles) character file.

Game seed: 16521278413319281871

11 qw the Shooter (level 2, -1/23 HPs)
             Began as a Minotaur Hexslinger on July 10, 2023.
             Killed from afar by a dart slug (3 damage)
             ... with a slug dart
             ... on level 1 of the Dungeon.
             The game lasted 00:00:05 (55 turns).

qw the Shooter (Minotaur Hexslinger)                  Turns: 55, Time: 00:00:05

Health: -1/23      AC:  2    Str: 12    XL:     2   Next: 17%
Magic:  2/2        EV: 12    Int: 10    God:
Gold:   0          SH:  0    Dex: 12    Spells: 2/3 levels left

rFire   . . .        a - +1 sling
rCold   . . .        (no shield)
rNeg    . . .        c - +0 robe
rPois   .            (helmet restricted)
rElec   .            (no cloak)
rCorr   .            (no gloves)
SInv    .            (no boots)
Will    .....        (no amulet)
Stlth   +            (no ring)
HPRegen 0.23/turn    (no ring)
MPRegen 0.08/turn

%: no passive effects
@: no status effects
A: horns 2, retaliatory headbutt
a: no special abilities


You were on level 1 of the Dungeon.
You visited 1 branch of the dungeon, and saw 1 of its levels.


Innate Abilities, Weirdness & Mutations

You have a pair of horns on your head.
You reflexively headbutt those who attack you in melee.


   Skills:
 + Level 1.5 Fighting
 - Level 3.1 Ranged Weapons
 - Level 2.1 Dodging
 - Level 1.0 Spellcasting
 - Level 2.0 Hexes


You had 2 spell levels left.
You knew the following spells:

 Your Spells              Type           Power      Damage    Failure   Level
a - Slow                  Hex            16%        N/A       16%         1

Your spell library contained the following spells:

 Spells                   Type           Power      Damage    Failure   Level
 Inner Flame              Hex/Fire       2%         N/A       56%         3
 Portal Projectile        Hex/Tloc       4%         N/A       56%         3
 Cause Fear               Hex            2%         N/A       83%         4

Inventory:

Hand Weapons
 a - a +1 sling (weapon)
Armour
 c - a +0 robe (worn)
Scrolls
 b - a scroll of poison

Dungeon Overview and Level Annotations

Branches:
Dungeon (1/15)

Altars:


Message History

You shoot a sling bullet.
The sling bullet hits the quokka but does no damage.
The bat completely misses you. The endoplasm misses you.
The dart slug launches a dart at you. The slug dart hits you.
The quokka barely misses you.
You shoot a sling bullet.
The sling bullet barely misses the quokka.
The bat completely misses you. You furiously retaliate!
You headbutt the bat!
You kill the bat!
The endoplasm misses you. The quokka closely misses you.
The dart slug launches a dart at you. The slug dart misses you.
The endoplasm closely misses you. You furiously retaliate!
You headbutt the endoplasm.
The quokka bites you but does no damage.
You have reached level 2!
You shoot a sling bullet. The sling bullet hits the endoplasm.
The endoplasm is severely wounded.
The quokka bites you. The endoplasm freezes you.
You are frozen.
You shoot a sling bullet. The sling bullet hits the endoplasm.
You kill the endoplasm!
The quokka bites you. The dart slug bites you. The quokka barely misses you.
You shoot a sling bullet.
The sling bullet barely misses the quokka.
The quokka bites you but does no damage.
The dart slug completely misses you.
You shoot a sling bullet.
The sling bullet closely misses the quokka.
The quokka bites you. x2; The dart slug barely misses you.
You furiously retaliate!
You headbutt the dart slug! You shoot a sling bullet.
The sling bullet completely misses the dart slug.
The quokka closely misses you. You furiously retaliate!
You headbutt the quokka!
You kill the quokka!
You shoot a sling bullet. The sling bullet hits the dart slug.
The dart slug is almost dead.
The dart slug launches a dart at you. The slug dart hits you.
You die...

.......#####..#
.............##..## ...
.........#......... ..#
......##......##.. ...#
..............##.. .....
........#.###.##.##.....
(.........###.##.......?
.......###....##.[......
.......# #...%.%@w.#
.......###.....#...#
.......................
......###%....#.#.###...
..#.###............. ..
<.............######. .
.......###....# .......#
#....# ...###.#


You could see a dart slug.

Vanquished Creatures
  2 ball pythons (D:1)
  3 bats (D:1)
  An endoplasm (D:1)
  A goblin (D:1)
  A quokka (D:1)
  A frilled lizard (D:1)
  A kobold (D:1)
10 creatures vanquished.

Notes
Turn   | Place    | Note
-------+----------+-------------------------------------------
     0 | D:1      | qw the Minotaur Hexslinger began the quest for the Orb.
     0 | D:1      | Reached XP level 1. HP: 16/16 MP: 1/1
     0 | D:1      | 0 ||| qw: Version: 0.3-a-52-g30416fa
     0 | D:1      | 0 ||| qw: Game counter: 5005
     0 | D:1      | 0 ||| qw: Melee chars always use a shield: true
     0 | D:1      | 0 ||| qw: God list: Okawaru
     0 | D:1      | 0 ||| qw: Allow faded altars: false
     0 | D:1      | 0 ||| qw: Do Orc after clearing Dungeon:15 true
     0 | D:1      | 0 ||| qw: Do second Lair branch before Depths: true
     0 | D:1      | 0 ||| qw: Lair rune preference: random
     0 | D:1      | 0 ||| qw: Goals: Normal
     0 | D:1      | 0 ||| PLANNING D:1-11
    48 | D:1      | Reached skill level 3 in Ranged Weapons
    50 | D:1      | Reached XP level 2. HP: 12/23 MP: 2/2
    51 | D:1      | HP: 4/23 [quokka (2)]
    53 | D:1      | HP: 1/23 [quokka (1)]
    55 | D:1      | Killed from afar by a dart slug

Levels and vault maps discovered:
D:1:      wander_arrival_peaceful_grave, layout_rooms,
          chequers_serial_rivers_large_b, chequers_serial_rivers_micro_b

Skill      XL: |  1 |
---------------+----+-----
Ranged Weapons | 3 |  3.1
Fighting       | |  1.5
Dodging        | |  2.1
Spellcasting   | |  1.0
Hexes          | |  2.0

Action                     || total
---------------------------++-------
   Fire: Sling             ||    33
 Armour: Robe              ||     8
  Dodge: Dodged            ||    29

Table legend:
 A = Non-vault XP
 B = Vault XP
 C = Vault XP percentage of total XP
 D = Non-vault monster count
 E = Vault monster count
 F = Vault count percentage of total count
                 A         B        C        D         E       F
            +---------+---------+-------+---------+---------+-------
      Total |      17 |       0 |   0.0 |      10 |       0 |   0.0
            +---------+---------+-------+---------+---------+-------
        D:1 |      17 |       0 |   0.0 |      10 |       0 |   0.0
            +---------+---------+-------+---------+---------+-------
